[Event "Fall IM-E Norm Invitational 2022"]
[Site "Charlotte"]
[Date "2022.11.20"]
[Round "5"]
[White "Harshid Kunka"]
[Black "Grayson Rorrer"]
[Result "1/2-1/2"]
[ECO "B94"]
[WhiteElo "2236"]
[BlackElo "2230"]
[Annotator "TA"]
[PlyCount "50"]
[EventDate "2022.11.18"]
[EventType "tourn"]
[EventCountry "USA"]
[SourceTitle "playchess.com"]
[Source "ChessBase"]
[SourceQuality "1"]
[TimeControl "5400+30"]

1. e4 c5 2. Nf3 d6 3. d4 cxd4 4. Nxd4 Nf6 5. Nc3 a6 6. Bg5 Nbd7 7. f4 {[%emt 0:00:20] 7.Qe2 is the recent fashion.} Qc7 8. Qf3 {[%emt 0:00:42] B94: Sicilian Najdorf: 6 Bg5 Nbd7.} b5 9. O-O-O Bb7 10. Nd5 Nxd5 11. exd5 Rc8 12. Bd3 $1 h6 13. Bh4 g5 $1 {[%emt 0:00:25] [#]} 14. Bf2 $146 {[%emt 0:02:12][%mdl 2048] White fights for an advantage.} ({Don't play} 14. fxg5 hxg5 15. Bg3 (15. Bxg5 Ne5 $17) 15... Qc5) ({Predecessor:} 14. fxg5 hxg5 15. Bg3 Qc5 16. Nf5 Qxd5 17. Be4 Qxe4 18. Nxd6+ exd6 19. Rde1 Rxc2+ 20. Kd1 {0-1 (40) Wettengel,A (2096)-Tuncer,U (2328) Ditzingen 2013}) 14... gxf4 15. Bf5 Rg8 16. Rhe1 Rg5 $1 {[%emt 0:00:20][%cal Og5f5] ...Rxf5! is the strong threat.} 17. Re2 {[%emt 0:11:26] With the idea Bh4.} Ne5 $1 18. Qxf4 {[%emt 0:02:47] And now Bh4 would win.} Rxg2 19. Bxc8 Qxc8 (19... Bxc8 $11 20. Nc6 Rg5) 20. Nf5 $16 Qc4 {[%emt 0:27:33] [#]} (20... Rg5 $16 21. Ne3 Ng6) 21. Qxc4 $2 (21. Nxd6+ $1 $18 exd6 22. Rxe5+ dxe5 23. Qxe5+ Kd8 24. Bb6+ Kd7 25. Qf5+ Ke8 26. d6 Rxc2+ 27. Qxc2 Qxc2+ 28. Kxc2) 21... bxc4 22. h4 Bc8 {[%emt 0:01:51][%mdl 1024] Black has compensation.} (22... h5 $5 23. Kb1 Bc8 $15) 23. Ne3 {[%emt 0:05:07] The position is equal.} Rh2 24. Nf1 Rg2 25. Ne3 Rh2 {[%emt 0:00:07] Weighted Error Value: White=0.17 (very precise) /Black=0.20 (precise)} 1/2-1/2

[Event "Fall IM-E Norm Invitational 2022"]
[Site "Charlotte"]
[Date "2022.11.20"]
[Round "5"]
[White "Liam Putnam"]
[Black "Ethan Sheehan"]
[Result "1/2-1/2"]
[ECO "E06"]
[WhiteElo "2161"]
[BlackElo "2157"]
[Annotator "TA"]
[PlyCount "72"]
[EventDate "2022.11.18"]
[EventType "tourn"]
[EventCountry "USA"]
[SourceTitle "playchess.com"]
[Source "ChessBase"]
[SourceQuality "1"]
[TimeControl "5400+30"]

1. d4 d5 2. c4 e6 3. Nf3 Nf6 4. g3 Be7 5. Bg2 O-O 6. O-O dxc4 7. Qc2 a6 8. a4 Bd7 9. Qxc4 Bc6 10. Bf4 Nbd7 11. Nc3 Bd6 $1 {[%emt 0:10:52][%mdl 4] is more profitable than 11...Nb6 at the moment. E05: Open Catalan: 5 Nf3 Be7.} 12. a5 Bxf4 13. gxf4 Nd5 14. e3 Nxc3 15. Qxc3 Rc8 {[%emt 0:04:05] [#]} 16. Rac1 $146 ({Predecessor:} 16. h3 Bd5 17. Ne5 c5 18. Rfd1 Bxg2 19. Kxg2 cxd4 20. Qxd4 Nxe5 21. Qxe5 Qe7 {½-½ (21) Susla,V (2313)-Morcin,T (2223) LSS email 2018}) 16... Qe7 17. Rfd1 Rfd8 18. Qd3 Ba4 19. Ng5 Nf6 20. b3 ({Reject} 20. Bxb7 Rb8 21. Bxa6 Bxd1 22. Rxd1 Rxb2 $17) 20... Bb5 21. Qc2 c6 22. Kh1 h6 23. Ne4 Nxe4 24. Bxe4 f5 25. Bf3 Kh8 26. Rg1 Qf6 27. Rg3 Rg8 28. Rcg1 g5 29. fxg5 Rxg5 30. Qc5 Rd8 31. b4 Rd7 32. R1g2 Bf1 33. Rg1 Bb5 34. R1g2 Bf1 35. Rg1 Bb5 36. R1g2 Bf1 {[%emt 0:00:12] Weighted Error Value: White=0.07 (flawless) /Black=0.03 (flawless)} 1/2-1/2

[Event "Fall IM-E Norm Invitational 2022"]
[Site "Charlotte"]
[Date "2022.11.20"]
[Round "6"]
[White "Attila Istvan Csonka"]
[Black "Harshid Kunka"]
[Result "1/2-1/2"]
[ECO "B15"]
[WhiteElo "2321"]
[BlackElo "2236"]
[Annotator "TA"]
[PlyCount "97"]
[EventDate "2022.11.18"]
[EventType "tourn"]
[EventCountry "USA"]
[SourceTitle "playchess.com"]
[Source "ChessBase"]
[SourceQuality "1"]
[TimeControl "5400+30"]

1. e4 c6 2. d4 d5 3. Nc3 dxe4 4. Nxe4 Nf6 5. Nxf6+ exf6 6. Be3 Bd6 {[%emt 0:00:53] B15: Caro-Kann: 3 Nc3: 3...g6 and 3...dxe4 4 Nxe4 Nf6 5 Nxf6+ exf6.} 7. Bd3 O-O 8. Ne2 ({Much weaker is} 8. Qh5 g6 9. Qd1 Re8 $11) 8... Re8 9. O-O Bg4 {[%emt 0:01:32] [#]} 10. Re1 $146 ({Predecessor:} 10. Qd2 Bh5 11. Nf4 Bg6 12. Nxg6 hxg6 13. Rfe1 Nd7 14. c4 f5 15. c5 Be7 16. Qb4 {½-½ (72) Barbosa,E (2481)-Piccoli,L (2156) Niteroi 2022}) 10... Nd7 11. Qd2 Qc7 12. h3 Bh5 13. c4 Rad8 14. Nc3 Bg6 15. Rad1 $1 f5 16. c5 (16. Qc2 $11) 16... Bh2+ $15 17. Kh1 f4 18. g3 $1 fxg3 (18... Bxg3 $15 {stays ahead.} 19. fxg3 fxe3 20. Rxe3 Nf6) 19. Bf4 $18 Rxe1+ 20. Rxe1 Qc8 (20... gxf2 $2 21. Bxc7 fxe1=Q+ 22. Qxe1 $18) 21. fxg3 {[%emt 0:08:30] [#] Hoping for Bxg6.} Bxg3 22. Bxg3 {[%emt 0:00:16] Strongly threatening Ne4.} Bxd3 23. Qxd3 {[%emt 0:01:01] Qf5 is the strong threat.} Nxc5 24. Qf1 Ne6 25. Qf5 Nxd4 26. Qxc8 {[%emt 0:00:53] White is much more active.} Rxc8 27. Bf2 Ne6 28. Bxa7 h6 29. Be3 Rd8 30. Rd1 Rxd1+ 31. Nxd1 f5 32. Kg2 (32. Bb6 $142) 32... Kf7 $16 33. Bd2 g5 34. Ne3 Nf4+ $1 35. Kf3 Ke6 36. h4 ({White should try} 36. Nc2 $16 Ng6 37. Nd4+ Ke5 38. Bc3) 36... Nd3 37. hxg5 hxg5 38. Bc3 b5 39. b3 (39. Nc2 $5 c5 40. a3 $16) 39... g4+ 40. Kg2 Nc1 41. a4 Nxb3 42. a5 {[%emt 0:00:31] [#] Black must now prevent a6.} Nc5 43. Kg3 (43. Bd4 $11 Na6 44. Kg3) 43... Na6 (43... Ne4+ $15 44. Kf4 Nxc3) 44. Kf4 $11 {[%emt 0:01:11] The position is equal.} c5 45. Nxf5 Kd5 46. Ne3+ Kc6 47. Nxg4 b4 48. Bd2 Kb5 49. Ke4 {White really could win this.  Weighted Error Value: White=0.15 (very precise) /Black=0.18 (very precise)} 1/2-1/2

[Event "Fall IM-E Norm Invitational 2022"]
[Site "Charlotte"]
[Date "2022.11.20"]
[Round "6"]
[White "Dante Beukes"]
[Black "Sila Caglar"]
[Result "1/2-1/2"]
[ECO "B15"]
[WhiteElo "2299"]
[BlackElo "2268"]
[Annotator "TA"]
[PlyCount "130"]
[EventDate "2022.11.18"]
[EventType "tourn"]
[EventCountry "USA"]
[SourceTitle "playchess.com"]
[Source "ChessBase"]
[SourceQuality "1"]
[TimeControl "5400+30"]

1. e4 c6 2. d4 d5 3. Nc3 dxe4 4. Nxe4 Nf6 5. Nxf6+ exf6 6. Be3 Bd6 {[%emt 0:00:47] B15: Caro-Kann: 3 Nc3: 3...g6 and 3...dxe4 4 Nxe4 Nf6 5 Nxf6+ exf6.} 7. Bd3 O-O 8. Ne2 ({Reject} 8. Qh5 g6 9. Qd1 Re8 $11) 8... Re8 9. O-O Nd7 10. c4 Nf8 11. Ng3 g6 12. Qd2 {[%emt 0:13:13] [#]} Bc7 $146 ({Predecessor:} 12... f5 13. Ne2 Ne6 14. Rad1 b6 15. b4 Bb7 16. c5 Bc7 17. Bc4 a5 18. b5 cxb5 19. Bxb5 {1-0 (61) Lagarde,M (2631)-Moranda,W (2636) Chennai 2022}) 13. Rad1 h5 14. Ne2 Qd6 15. Nf4 Ne6 16. c5 Qd8 17. Ne2 h4 18. h3 f5 19. Bc4 Qf6 20. f4 b5 21. Bb3 Bb7 22. Rf3 Rad8 23. Qc1 Ng7 24. a3 Nh5 25. d5 (25. Ba2 $11) 25... cxd5 $15 {[%emt 0:00:49][%cal Od5d4] Hoping for ...d4!} 26. Bd4 Qc6 27. Qd2 Re4 (27... a5 $1 $17) 28. Bc2 Rxe2 29. Qxe2 $14 Nxf4 30. Qf2 Ne6 31. Qxh4 (31. Bf6 $5 Bg3 32. Qd2 (32. Qe3 f4 $17) 32... Qxc5+ 33. Kh1 $16) 31... Nxd4 32. Qxd4 Re8 {[%emt 0:01:43] Inhibits Re1.} 33. b4 Be5 34. Qf2 d4 35. Bb3 (35. h4 $11) 35... Qf6 $15 36. Rfd3 Qg5 (36... Rd8 $1 $17) 37. Rxd4 Bxd4 38. Rxd4 Re3 {[%emt 0:04:27] [#]} 39. Rg4 $1 Qh6 (39... Qf6 40. Qxe3) 40. Rh4 (40. Bxf7+ $5 Kxf7 41. Rh4 $16) 40... Qg5 41. Rg4 Qh6 $14 {[%emt 0:00:06] [#]} 42. Rh4 (42. Bxf7+ $1 $14 Kxf7 43. Rh4) 42... Qg5 $11 {[%emt 0:00:30] The position is equal.} 43. Bxf7+ Kg7 44. Ba2 {[%emt 0:01:00] [#] aiming for Qb2+.} (44. Be8 $5 Qxg2+ 45. Qxg2 Bxg2 46. Kxg2 Rxe8 47. Rd4 $11) 44... Re1+ $1 45. Kh2 Qxg2+ $1 {[%emt 0:00:36][%mdl 64] Decoy} 46. Qxg2 {[%emt 0:00:04] Really sharp!} Bxg2 47. Kxg2 {[%emt 0:00:59][%cal Bh2g2,Bg2f3,Bf3e3,Be3d4,Bd4e5,Be5d5,Bd5c5,Bc5b5][%mdl 4128] Endgame KRB-KR} Re2+ 48. Kf3 Rxa2 {[%emt 0:00:06] KR-KR} 49. Ke3 Rxa3+ 50. Kd4 {[%emt 0:00:04] c6 is the strong threat.} g5 51. Rh5 Kg6 52. Rh8 Rb3 53. Ke5 {[%emt 0:01:19] Strongly threatening c6.} Rxb4 54. Rg8+ Kf7 55. Rxg5 Re4+ 56. Kd5 (56. Kxf5 $2 Rc4 57. Rg1 Rxc5+ 58. Ke4 a5 $17) 56... Kf6 57. Rg8 {[%emt 0:00:12] Black must now prevent c6.} Re3 58. c6 Rd3+ $1 59. Kc5 {[%emt 0:00:09] And now c7 would win.} Rxh3 60. Kxb5 Rc3 61. Rf8+ Ke6 62. Re8+ Kf6 63. Rf8+ Ke6 64. Re8+ Kf6 (64... Kd6 $5 65. Rd8+ $8 Ke7 66. Rd7+ Ke6 $11) 65. Rf8+ Ke5 {Weighted Error Value: White=0.12 (very precise) /Black=0.13 (very precise)} 1/2-1/2

[Event "Fall IM-E Norm Invitational 2022"]
[Site "Charlotte"]
[Date "2022.11.20"]
[Round "6"]
[White "Sriram Krishnakumar"]
[Black "Ethan Sheehan"]
[Result "1/2-1/2"]
[ECO "B52"]
[WhiteElo "2248"]
[BlackElo "2157"]
[Annotator "TA"]
[PlyCount "135"]
[EventDate "2022.11.18"]
[EventType "tourn"]
[EventCountry "USA"]
[SourceTitle "playchess.com"]
[Source "ChessBase"]
[SourceQuality "1"]
[TimeControl "5400+30"]

1. e4 c5 2. Nf3 d6 3. Bb5+ Bd7 4. Bxd7+ Qxd7 5. c4 e5 6. Nc3 g6 7. d3 {[%emt 0:00:06] B52: Sicilian: Moscow Variation with 3...Bd7.} Bg7 8. a3 Nc6 9. b4 {[%emt 0:00:16] The position is equal.} Nge7 10. Rb1 O-O 11. O-O f5 {[%emt 0:00:07] 11...h6 is setting a new trend.} 12. Bg5 Nc8 13. Bd2 {[%emt 0:00:23] [#]} Nd4 $146 ({Predecessor:} 13... f4 14. h3 Nd4 15. Nd5 Ne7 16. Nxd4 cxd4 17. Qg4 Qxg4 18. Nxe7+ Kf7 19. hxg4 Kxe7 {½-½ (37) Zamyshlyaev,V (2227)-Smirnov,A St Petersburg 2005}) 14. Nxd4 cxd4 15. Nd5 fxe4 16. dxe4 Nb6 17. Qb3 Nxd5 18. cxd5 Rac8 19. Rfc1 h5 20. a4 Kh7 21. b5 Qf7 22. f3 Bh6 23. Bxh6 Kxh6 24. Qa3 Qf4 25. h3 $1 (25. Rxc8 Rxc8 26. h3 (26. Qxd6 $2 Qe3+ 27. Kf1 Qd3+ 28. Kf2 Qxb1 $19) 26... Rc5 $17) 25... h4 26. Kh1 (26. Rxc8 Rxc8 27. Kh1 (27. Qxd6 d3 $17) 27... Rc5 $17) (26. a5 $1 $11) 26... Rfd8 (26... Rxc1+ $15 27. Qxc1 Qxc1+ 28. Rxc1 b6) 27. a5 (27. Rxc8 Rxc8 28. a5 (28. Qxd6 d3 $17) 28... Rc5 $17) (27. Kg1 $1 $11) 27... Qd2 (27... Qe3 $15 28. Qxe3+ dxe3) 28. Kg1 $2 (28. Rxc8 $11 {and White has nothing to worry.} Rxc8 29. Qxd6 Rc1+ 30. Rxc1 Qxc1+ 31. Kh2 Qf4+ 32. Kh1) 28... Rc3 $19 29. Rxc3 dxc3 {[%emt 0:00:06][%mdl 4096] Endgame KQR-KQR} 30. Qc1 (30. Rf1 {is the only way for White.}) 30... Rc8 31. Kh2 Rc5 (31... Qg5 $142 32. Qxg5+ Kxg5) 32. a6 $2 (32. Qxd2+ cxd2 33. Rd1) 32... Qxc1 33. Rxc1 {[%emt 0:00:04] [#] b6 is the strong threat. KR-KR} b6 $1 34. g3 $2 (34. Rc2) 34... g5 $2 (34... Rxb5 35. Rxc3 Rc5) 35. Kg2 Kg6 (35... Rxb5 36. Rxc3 Rb2+ 37. Kg1 $11) ({Black should play} 35... Kh5 $19 36. g4+ Kg6) 36. Kf2 $2 (36. gxh4 $17 gxh4 37. Kf2) 36... Rxb5 {[%emt 0:00:11] And now ...Rb2+ would win.} 37. Rxc3 $2 {[%emt 0:00:04] [#]} (37. gxh4 Rc5 38. hxg5) 37... Rc5 $1 ({Stronger than} 37... Rb2+ 38. Kg1 $11) 38. Rxc5 hxg3+ 39. Kxg3 bxc5 {[%emt 0:00:05] KP-KP} 40. Kf2 Kf6 (40... Kh5 $142 41. Ke3 Kh4 42. Ke2 Kxh3 43. Kd3 Kg2 44. Kc4 Kxf3 45. Kb5 g4 46. Kc6 g3 47. Kxd6 Kxe4 48. Kc6 g2 49. d6 g1=Q 50. Kc7 Qg6 51. d7 Qb6+ 52. Kc8 Qc6+ 53. Kd8 Kd5 54. Ke7 Qe6+ 55. Kd8 Kc6 56. Kc8 Qxd7+ 57. Kb8 Kb6 58. Ka8 Qe8#) 41. Ke3 Kf7 42. Kd3 Kg6 43. Kc4 Kh5 44. Kb5 Kh4 $2 (44... Kh6 45. Ka4 Kh5) 45. Kc6 c4 46. Kxd6 c3 47. Ke7 ({Wrong is} 47. Kxe5 $2 c2 48. Ke6 c1=Q $19) 47... c2 48. d6 c1=Q 49. d7 Qa3+ 50. Ke8 Qxa6 (50... Qxf3 $19 {( -> ...Qf6)} 51. d8=Q Qxe4) 51. d8=Q $15 {[%emt 0:00:19] KQ-KQ} Qe6+ 52. Kf8 Kh5 ({But not} 52... Qxh3 53. Qf6 $15) 53. Qc7 $1 a6 {[%emt 0:01:57] Threatens to win with ...Qf6+.} 54. Qa7 Qf6+ 55. Kg8 $1 Qe6+ 56. Kf8 Qc8+ 57. Kg7 Qe6 58. Kf8 Qf6+ 59. Kg8 $1 Kh4 60. Qf2+ Kh5 61. Qa7 $1 Qd6 62. Qh7+ Qh6 63. Qd7 {[%emt 0:00:43] aiming for Qg4+.} Qg6+ 64. Kf8 a5 65. Qa7 Qf6+ 66. Kg8 $1 Kh4 67. Qxa5 (67. Qf2+ $1 $11 Kh5 68. Qa7) 67... Kxh3 68. Qc3 {[%emt 0:01:05] Whites escaped into a draw.  Weighted Error Value: White=0.53/Black=0.49} 1/2-1/2

[Event "Fall IM-E Norm Invitational 2022"]
[Site "Charlotte"]
[Date "2022.11.20"]
[Round "6"]
[White "Roberto Martin Del Campo"]
[Black "Liam Putnam"]
[Result "1/2-1/2"]
[ECO "B24"]
[WhiteElo "2243"]
[BlackElo "2161"]
[Annotator "TA"]
[PlyCount "80"]
[EventDate "2022.11.18"]
[EventType "tourn"]
[EventCountry "USA"]
[SourceTitle "playchess.com"]
[Source "ChessBase"]
[SourceQuality "1"]
[TimeControl "5400+30"]

1. e4 c5 2. Nc3 Nc6 3. g3 g6 4. Bg2 Bg7 5. d3 e6 6. Be3 d6 7. Qd2 Rb8 8. f4 Nge7 9. Nf3 b5 {[%emt 0:00:24][%cal Bb7b5,Bb5b4][%mdl 32] B26: Closed Sicilian: 3 g3, lines with early Be3.} 10. d4 cxd4 11. Nxd4 b4 {[%emt 0:01:19] Black has an edge.} 12. Nce2 {[%emt 0:04:09] [#]} Ba6 $146 ({Predecessor:} 12... O-O 13. O-O Nxd4 14. Bxd4 a5 15. Bxg7 Kxg7 16. Kh1 Ba6 17. g4 f5 18. gxf5 exf5 19. Nd4 Rf6 20. Rfe1 Qd7 21. Rad1 fxe4 {0-1 (30) Mouradian,K (2164)-Zhang,J Teheran 2007}) 13. Nxc6 Nxc6 14. Nd4 Na5 15. b3 {[%emt 0:04:36] Against Nc4} Qc7 (15... O-O $11 {keeps the balance.}) 16. a3 $16 e5 17. Nf3 ({White has to play} 17. fxe5 $16 dxe5 18. axb4 exd4 19. Bf4 (19. Rxa5 $2 dxe3 20. Qxe3 Qxc2 $19)) 17... exf4 (17... O-O $11 18. f5 (18. axb4 exf4 19. Bd4 Rxb4 $17) (18. fxe5 dxe5 19. Qc1 Rfd8 $17) 18... Nc6) 18. Bd4 Bxd4 19. Nxd4 Nc6 {[%emt 0:14:19] [#]} 20. Nxc6 ({And not} 20. gxf4 Nxd4 21. Qxd4 {[#]} Qxc2 $1 $17) 20... Qxc6 21. axb4 (21. Qxf4 $2 Qc3+ 22. Kf2 Qxc2+ 23. Kg1 Qc5+ 24. Qf2 Qc3 $19) 21... fxg3 22. hxg3 {[%emt 0:00:14][%cal Oe4e5] And now e5! would win.} Qb6 {[%emt 0:00:40] Against e5} 23. c4 (23. c3 $5 ) 23... Bc8 24. b5 a6 ({Black should play} 24... Qc5 $14) 25. Ra5 {[%emt 0:05:30] White is more active.} ({White must play} 25. e5 $1 $16 {aiming for Bc6+.} Bb7 26. Bxb7 (26. Qxd6 $2 Bxg2 27. Qxb6 Rxb6 $19) 26... Qxb7 27. O-O (27. bxa6 $2 {too greedy.} Qxh1+ 28. Kf2 Qh2+ 29. Ke1 Qg1+ 30. Ke2 Qxa1 $19)) 25... axb5 $11 {[%emt 0:04:14] The position is equal.} 26. Rxb5 (26. Qc3 {is more complex.} O-O 27. Rxb5 Qc7 28. Rxb8 Qxb8 29. O-O) 26... Qc7 27. Qc3 O-O {[%emt 0:01:00] Hoping for ...Rxb5.} 28. Rxb8 Qxb8 29. O-O Qb6+ 30. Kh2 h5 31. b4 Be6 32. c5 dxc5 33. bxc5 Qc7 34. e5 {[%emt 0:00:12] Against h4} (34. Bh3 {with more complications.} Re8 35. Bxe6 Rxe6 36. Ra1) 34... Rb8 35. c6 Rb5 36. Re1 Qb6 {[%emt 0:01:22] White must now prevent ...Rb3.} 37. Rc1 $1 Qc7 38. Re1 Qb6 39. Rc1 Qc7 40. Re1 Qb6 {[%emt 0:01:02] Weighted Error Value: White=0.14 (very precise) /Black=0.20 (precise)} 1/2-1/2

[Event "Fall IM-E Norm Invitational 2022"]
[Site "Charlotte"]
[Date "2022.11.20"]
[Round "6"]
[White "Grayson Rorrer"]
[Black "Alperen Kanli"]
[Result "1/2-1/2"]
[ECO "B19"]
[WhiteElo "2230"]
[BlackElo "2171"]
[Annotator "TA"]
[PlyCount "127"]
[EventDate "2022.11.18"]
[EventType "tourn"]
[EventCountry "USA"]
[SourceTitle "playchess.com"]
[Source "ChessBase"]
[SourceQuality "1"]
[TimeControl "5400+30"]

1. e4 c6 2. d4 d5 3. Nd2 dxe4 4. Nxe4 Bf5 5. Ng3 Bg6 6. h4 h6 7. Nf3 Nd7 8. h5 Bh7 9. Bd3 Bxd3 10. Qxd3 Ngf6 11. Bd2 e6 12. O-O-O Qc7 13. Kb1 O-O-O 14. Qe2 Bd6 15. Ne4 Nxe4 16. Qxe4 Nf6 17. Qe2 {[%emt 0:00:06] B19: Classical Caro-Kann: 4...Bf5 main line.} Rhe8 18. Ne5 c5 19. Bc1 {[%emt 0:00:15] [#] White has an edge.} Kb8 $146 ({Predecessor:} 19... Bxe5 20. dxe5 Nd5 21. Rh3 Ne7 22. Rhd3 Rxd3 23. Rxd3 Rd8 24. Rxd8+ Kxd8 25. f4 Ke8 26. g4 Qd7 27. Qe4 Qd5 28. Qh7 Kf8 29. a4 Ng8 {½-½ (29) Skalicky,F (2173)-Lautenbach,W (2260) ICCF email 2011}) 20. Nc4 cxd4 (20... Bf8 $5 ) 21. Rxd4 {[%emt 0:00:17] Strongly threatening Nxd6.} e5 22. Rxd6 (22. Rd2 $5 ) 22... Rxd6 23. Nxd6 Qxd6 24. g4 (24. Rd1 $5 Qc6 25. Rd3 $11) 24... Qc6 25. Rg1 Qe4 {[%emt 0:07:55] Prevents g5.} 26. Be3 Rd8 27. a3 $1 b6 28. g5 hxg5 29. Rxg5 (29. f3 $1 $16 Qd5 30. Bxg5) 29... Qh1+ {[%emt 0:01:25] [#]} (29... Ne8 $1 $11) 30. Ka2 $1 $16 ({Don't blunder} 30. Bc1 $2 Ne4 31. h6 Nd2+ $19) 30... Qd5+ 31. c4 Qe6 {[%emt 0:00:11] [#]} 32. Bc1 ({Much weaker is} 32. Rxg7 Nxh5 33. Rg4 (33. Qxh5 Qxc4+ 34. Kb1 Qd3+ 35. Ka2 Qc4+ 36. Kb1 Qd3+ 37. Ka2 Qc4+ $11) 33... Nf6 $11) ({Better is} 32. f4 $1 $16) 32... Rd4 $11 33. Rxe5 Qxc4+ 34. Qxc4 Rxc4 {[%emt 0:00:05][%mdl 4096] Endgame KRB-KRN} 35. Be3 Kc8 36. Kb3 Re4 37. Rg5 ({White should play} 37. Rxe4 $14 Nxe4 38. Bd4) 37... Ne8 $1 {[%emt 0:02:01] The position is equal.} 38. a4 f6 39. Rg6 Rh4 40. h6 gxh6 41. Rg8 Kd7 42. Rh8 Nc7 43. Rh7+ Kc6 44. Rxh6 Rxh6 45. Bxh6 {[%emt 0:00:05] KB-KN} Kd5 46. Bf4 Ne6 47. Be3 f5 48. a5 f4 49. axb6 fxe3 50. bxa7 {[%emt 0:00:05] KN-K3P} Nc7 51. fxe3 Kc5 52. e4 Kb6 53. Kc4 Kxa7 {[%emt 0:00:06] KN-KPP} 54. Kc5 Kb7 55. e5 Ne6+ 56. Kd5 Nc7+ 57. Kd6 Kb6 58. b3 Nb5+ 59. Ke7 Nd4 60. Kd6 Nxb3 61. e6 {[%emt 0:00:11] Threatens to win with e7.} Nd4 62. e7 Nf5+ 63. Kd7 Nxe7 64. Kxe7 {[%emt 0:00:04] Weighted Error Value: White=0.10 (very precise) /Black=0.08 (flawless)} 1/2-1/2

[Event "Fall IM-E Norm Invitational 2022"]
[Site "Charlotte"]
[Date "2022.11.22"]
[Round "9"]
[White "Roberto Martin Del Campo"]
[Black "Grayson Rorrer"]
[Result "0-1"]
[ECO "B94"]
[WhiteElo "2243"]
[BlackElo "2230"]
[Annotator "TA"]
[PlyCount "46"]
[EventDate "2022.11.18"]
[EventType "tourn"]
[EventCountry "USA"]
[SourceTitle "playchess.com"]
[Source "ChessBase"]
[SourceQuality "1"]
[TimeControl "5400+30"]

1. e4 c5 2. Nf3 d6 3. d4 cxd4 4. Nxd4 Nf6 5. Nc3 a6 6. Bg5 Nbd7 7. f4 {[%emt 0:00:21] 7.Qe2 is the recent fashion.} Qc7 8. Bd3 {[%emt 0:01:14] B94: Sicilian Najdorf: 6 Bg5 Nbd7.} b5 (8... g6 $11) 9. Qf3 ({White should try} 9. Qe2 $14) 9... Bb7 10. O-O-O {[%emt 0:00:19] The position is equal.} Qb6 11. Bxf6 Nxf6 12. Nd5 Nxd5 13. exd5 g6 14. Rhe1 Bg7 $1 {[%emt 0:00:19][%cal Bf8g7,Bg7d4,Bd4b2][%mdl 32] [#]} 15. Nb3 $146 ({Predecessor:} 15. Nc6 Bxc6 16. dxc6 Rc8 17. Be4 O-O 18. Kb1 d5 19. Rxd5 Rxc6 20. Qe3 Qc7 21. Red1 Re6 22. f5 Re5 23. Rd7 Qc4 24. R7d4 Qc7 25. Rd7 Qc4 26. R7d4 {½-½ (26) Tylecek,D (2246)-Susla,V (2348) LSS email 2018}) 15... a5 {[%emt 0:08:45] [#] Hoping for ...a4.} (15... Qc7 {keeps more tension.} 16. Qe4 e6 17. f5 Be5) 16. Nd2 O-O {[%emt 0:01:49] aiming for ...a4.} 17. Rxe7 a4 (17... Rfe8 $15 {is superior.} 18. Rde1 Rxe7 19. Rxe7 Kf8) 18. Qe3 {[%emt 0:02:00] [#]} (18. a3 $1 $11) 18... Bd4 $1 $17 ({But not} 18... Qxe3 $6 19. Rxe3 Bxd5 20. Be4 $15) 19. Rxb7 $2 {[%emt 0:00:28][%mdl 8192] Now White is beyond hope.} Bxb2+ $1 $19 {[%emt 0:00:06] Black is clearly winning.} ({And not} 19... Bxe3 20. Rxb6 Bxb6 21. Bxb5 $11) 20. Kxb2 Qxe3 21. Ne4 Qxf4 22. c3 f5 23. g3 Qf3 {[%emt 0:00:05] Weighted Error Value: White=1.15/Black=0.18 (very precise)} 0-1

[Event "Fall IM-E Norm Invitational 2022"]
[Site "Charlotte"]
[Date "2022.11.22"]
[Round "9"]
[White "Harshid Kunka"]
[Black "Sriram Krishnakumar"]
[Result "1-0"]
[ECO "C64"]
[WhiteElo "2236"]
[BlackElo "2248"]
[Annotator "TA"]
[PlyCount "75"]
[EventDate "2022.11.18"]
[EventType "tourn"]
[EventCountry "USA"]
[SourceTitle "playchess.com"]
[Source "ChessBase"]
[SourceQuality "1"]
[TimeControl "5400+30"]

1. e4 e5 2. Nf3 Nc6 3. Bb5 Bc5 4. c3 Nf6 5. O-O O-O 6. d4 Bb6 7. Bg5 h6 8. Bh4 d6 $1 9. Qc1 {[%emt 0:07:30] C65: Ruy Lopez: Berlin Defence (3...Nf6), unusual lines and 4 0-0 Bc5.} Bd7 (9... Qe7 $11 {remains equal.}) 10. dxe5 $1 $16 {[%emt 0:05:40] [#]} Nxe5 $146 ({Predecessor:} 10... dxe5 11. Rd1 Qe7 12. Bxf6 gxf6 13. Qxh6 Bg4 14. Bxc6 bxc6 15. Nbd2 Rfd8 16. Qh4 Be6 17. Nxe5 Bxf2+ 18. Qxf2 fxe5 {1-0 (45) Sadzikowski,D (2584)-Paprocki,J (2184) Katowice 2017}) 11. Nxe5 {[%emt 0:06:04] White is better.} Bxb5 {[%emt 0:00:07] [#]} 12. Ng4 {[%emt 0:00:58] Strongly threatening Bxf6.} Nxg4 (12... Bxf1 $2 13. Bxf6 Bd3 14. Bxd8 $18) 13. Bxd8 Bxf1 {[%emt 0:00:03] A strong pair of Bishops.} 14. Bh4 {[%emt 0:02:29] Chess con chili.} (14. Kxf1 Raxd8 15. Na3 Nxf2 $17) (14. Bxc7 $16 Bxc7 15. Kxf1 (15. Qxf1 Bb6 $14)) 14... Bd3 $14 15. Qd1 Ne5 16. Bg3 Bxe4 17. Nd2 Bd5 18. Qc2 {[%emt 0:03:08][%mdl 1024] White has compensation.} Ng6 19. b4 Be6 20. c4 Bd4 21. Re1 {[%emt 0:01:30][%cal Oe1e6] Hoping for Rxe6!} Rae8 22. Nf3 Bf6 23. h4 Bg4 (23... Ne7 $11) 24. Rxe8 $16 Rxe8 {[%emt 0:00:04] [#]} 25. Qa4 $1 Re2 {[%emt 0:07:49] Loses the game.} (25... Ra8 $16 {keeps fighting.}) 26. Qxa7 $18 Bxf3 (26... Rc2 {was called for.} 27. Qb8+ Kh7 28. Qxc7 b5 29. Qxd6 (29. Qxf7 bxc4 30. Qd5 c3 $18) (29. Bxd6 Bxf3 30. gxf3 Nxh4 $18) 29... bxc4) 27. gxf3 {[%emt 0:00:06] White is clearly winning.} Nxh4 28. Qxb7 Rxa2 29. Qxc7 Ra1+ 30. Kh2 Nxf3+ 31. Kg2 Ne1+ 32. Kh3 h5 33. Qc8+ Kh7 34. Qf5+ Kg8 35. Qxh5 Nc2 {[%emt 0:02:37] And now ...Rh1+ would win.} 36. Qb5 {[%emt 0:00:36] Threatens to win with Qe8+.} Rh1+ 37. Kg2 Rb1 38. Qe8+ {[%emt 0:00:09] Weighted Error Value: White=0.21 (precise) /Black=0.52} 1-0